 Dungeon Crawl Stone Soup version 0.31.0-12-g77e489cdc1 (webtiles) character file.

Game seed: 2923640412070501162

6221 Gadfly the Basher (level 10, -22/107 HPs)
             Began as an Oni Berserker on Feb 24, 2024.
             Was a High Priest of Trog.
             Annihilated by a white ugly thing (24 damage)
             ... on level 10 of the Dungeon.
             The game lasted 00:11:55 (10632 turns).

Gadfly the Basher (Oni Berserker)                  Turns: 10632, Time: 00:11:55

Health: -22/107    AC:  4    Str: 31    XL:     10   Next: 92%
Magic:  10/10      EV: 15    Int:  8    God:    Trog [*****.]
Gold:   469        SH:  0    Dex: 10    Spells: 9/9 levels left

rFire   . . .        b - +2 flail (venom)
rCold   . . .        (no shield)
rNeg    + . .        G - +1 robe {rN+}
rPois   .            (helmet restricted)
rElec   .            (no cloak)
rCorr   .            (gloves unavailable)
SInv    .            (boots unavailable)
Will    +....        (no amulet)
Stlth   +            k - +5 ring of evasion
HPRegen 0.37/turn    x - +6 ring of strength
MPRegen 0.12/turn

%: no passive effects
@: about to teleport
A: large, unfitting armour, horns 1, tough skin 1, double potion healing,
drunken brawling
a: Renounce Religion, Berserk, Trog's Hand, Brothers in Arms


You were on level 10 of the Dungeon.
You worshipped Trog.
Trog was extremely pleased with you.
You visited 1 branch of the dungeon, and saw 9 of its levels.
You also visited: Ossuary.

You collected 469 gold pieces.

Inventory:

Hand Weapons
 a - a +2 flail of freezing
 b - a +2 flail of venom (weapon)
 n - a +0 dire flail
 t - a +2 antimagic whip
Armour
 G - a +1 robe of positive energy (worn)
Jewellery
 k - a +5 ring of evasion (left hand)
 p - a ring of protection from fire
 w - a ring of fire
 x - a +6 ring of strength (right hand)
Wands
 c - a wand of flame (49) (quivered)
 j - a wand of roots (2)
 q - a wand of polymorph (4)
 y - a wand of mindburst (14)
 D - a wand of digging (8)
Scrolls
 e - 5 scrolls of poison
 f - 2 scrolls of fear
 g - 5 scrolls of teleportation
 i - 3 scrolls of vulnerability
 m - 2 scrolls of identify
 o - 3 scrolls of blinking
 r - 2 scrolls of fog
 v - a scroll of enchant armour
Potions
 d - a potion of curing
 h - 2 potions of lignification
 s - a potion of berserk rage
 z - a potion of attraction
 A - a potion of cancellation
 B - a potion of might
 C - a potion of resistance
Miscellaneous
 E - a phial of floods


   Skills:
 + Level 9.1 Fighting
 * Level 9.3 Maces & Flails
 * Level 7.7 Armour
 - Level 2.6 Dodging
 * Level 7.1 Evocations


You had 9 spell levels left.
You didn't know any spells.
Your spell library was empty.

Dungeon Overview and Level Annotations

Branches:
Dungeon (10/15)            Temple (0/1) D:4             Orc (0/2) D:10
Ossuary (visited)
   Lair: D:8-11

Altars:
Makhleb
Okawaru
Sif Muna
Uskayaw


Innate Abilities, Weirdness & Mutations

You are too large for most types of armour.
You have a pair of small horns on your head.
You have tough skin. (AC +1)
You gain doubled healing and magic from potions.
Whenever you drink a healing potion, you attack all around you.


Message History

The centaur shoots an arrow.
The arrow closely misses you.
You hit the centaur.
You kill the centaur!
Trog accepts your kill.
A howler monkey comes into view.
You sock the centaur!
The centaur is severely wounded.
The centaur unwields a +0 shortbow.
The centaur wields a +0 dagger of holy wrath.
It softly glows with a divine radiance!
The centaur hits you with a +0 dagger of holy wrath.
* * * LOW HITPOINT WARNING * * *
The centaur misses you. The centaur completely misses you. x2
Okay, then.
You hit the centaur. You headbutt the centaur.
You kill the centaur!
Trog accepts your kill.
You sock the howler monkey!
The howler monkey is heavily wounded.
The howler monkey hits you but does no damage.
You sock the howler monkey!
You kill the howler monkey!
Trog accepts your kill.
A white ugly thing comes into view.
A two-headed ogre opens the door.
The white ugly thing moves out of view.
There is an open door, spattered with blood here.
Things that are here:
a +0 dagger of holy wrath; a +0 shortbow The white ugly thing gurgles horribly!
You hear an angry buzzing noise.
A tarantella comes into view.
Things that are here:
a +2 spear of venom; a +0 ring mail; a howler monkey corpse You sock the white ugly thing!
The white ugly thing is poisoned.
The white ugly thing is lightly wounded.
The white ugly thing barely misses you.
As you read the scroll of teleportation, it crumbles to dust.
You feel strangely unstable. The white ugly thing pecks you.
* * * LOW HITPOINT WARNING * * *
The white ugly thing freezes you!!
You die...

## ..#......#...#......
.'.
#........'...#......
#O##...#....#...#......
#....#.#....#...#.....#
#..##.##..##...#.....#
#..#....##....#.....#
##..)..## ....#......
###)### ....##.....
#@..# ......#.....
#su#$.# #....# ..'##
##+ #....# ..#. #....#
# #..... . #..###
...####.. .........
.........


You could see a white ugly thing (very poisoned), a two-headed ogre and a
tarantella.

Vanquished Creatures
  A two-headed ogre (D:8)
  A gargoyle (D:10)
  An unseen horror (shapeshifter) (D:9)
  A troll (D:9)
  8 yaks
  A steam dragon (D:7)
  3 orc warriors
  An ice beast (D:5)
  Duvessa (D:4)
  2 sky beasts (D:7)
  An ogre (D:7)
  2 centaurs (D:10)
  2 bullfrogs
  3 gnoll sergeants
  7 scorpions
  6 wights
  Dowan (D:4)
  8 killer bees
  4 howler monkeys
  A centaur zombie (Ossuary)
  4 hounds
  2 human zombies (Ossuary)
  An orc priest (D:7)
  A bombardier beetle (D:3)
  2 gnoll boudas
  6 scorpion zombies (Ossuary)
  Terence (D:3)
  3 iguanas
  Natasha (thrice) (D:4)
  2 orc wizards (D:9)
  3 mummies (Ossuary)
  Robin (D:3)
  8 adders
  21 gnolls
  A white imp (D:8)
  2 adder zombies (Ossuary)
  2 dart slugs
  2 ribbon worms
  11 orcs
  7 bats
  4 endoplasms
  3 giant cockroaches
  15 goblins
  6 hobgoblins
  2 jackals (D:5)
  A kobold (D:1)
  2 quokkas
  8 ball pythons
  4 ball python zombies (Ossuary)
  4 frilled lizards
  3 jackal zombies (Ossuary)
  3 orc zombies (Ossuary)
  A rat (D:2)
194 creatures vanquished.

Notes
Turn   | Place    | Note
-------+----------+-------------------------------------------
     0 | D:1      | Gadfly the Oni Berserker began the quest for the Orb.
     0 | D:1      | Reached XP level 1. HP: 24/24 MP: 1/1
   121 | D:1      | Reached XP level 2. HP: 32/32 MP: 2/2
   349 | D:1      | Reached skill level 1 in Armour
   413 | D:1      | Reached XP level 3. HP: 39/39 MP: 3/3
   593 | D:2      | Reached ** piety under Trog
   605 | D:2      | Reached skill level 1 in Evocations
  1172 | D:3      | Noticed Terence
  1182 | D:3      | Killed Terence
  1183 | D:3      | Reached XP level 4. HP: 49/49 MP: 4/4
  1242 | D:3      | Reached XP level 5. HP: 23/55 MP: 5/5
  1643 | D:3      | Reached XP level 6. HP: 40/65 MP: 6/6
  1654 | D:3      | Reached skill level 5 in Fighting
  1834 | D:3      | Noticed Robin
  1841 | D:3      | Killed Robin
  2195 | D:3      | Found a burning altar of Makhleb.
  2204 | D:3      | Noticed a green death
  2943 | D:4      | Noticed Natasha
  2951 | D:4      | Killed Natasha
  2951 | D:4      | Reached *** piety under Trog
  3048 | D:4      | Found a staircase to the Ecumenical Temple.
  3251 | D:4      | Noticed Natasha
  3260 | D:4      | Found a hide-covered altar of Uskayaw.
  3390 | D:4      | Killed Natasha
  3497 | D:4      | Reached XP level 7. HP: 54/72 MP: 7/7
  3767 | D:4      | Noticed Natasha
  3778 | D:4      | Killed Natasha
  3779 | D:4      | Reached skill level 5 in Maces & Flails
  3882 | D:4      | Noticed Dowan
  3885 | D:4      | Noticed Duvessa
  3890 | D:4      | Killed Duvessa
  3891 | D:4      | Killed Dowan
  4212 | D:5      | Entered Level 5 of the Dungeon
  4648 | D:5      | Reached XP level 8. HP: 70/83 MP: 8/8
  4862 | D:5      | Found an iron altar of Okawaru.
  5029 | D:5      | You fall into a shaft and drop 2 floors!
  5040 | D:7      | Found a sand-covered staircase.
  5056 | Ossuary  | Entered an ossuary
  5462 | Ossuary  | Reached **** piety under Trog
  5754 | D:7      | Reached skill level 5 in Armour
  6020 | D:7      | Reached XP level 9. HP: 68/92 MP: 9/9
  6399 | D:7      | Reached skill level 5 in Evocations
  6481 | D:7      | Found a shimmering blue altar of Sif Muna.
  7286 | D:8      | Noticed a two-headed ogre
  7305 | D:8      | Killed a two-headed ogre
  8027 | D:9      | Reached XP level 10. HP: 76/104 MP: 10/10
  8246 | D:9      | HP: 3/104 [troll (8)]
  9577 | D:9      | Killed an unseen horror
 10003 | D:10     | Entered Level 10 of the Dungeon
 10003 | D:10     | Noticed a gargoyle
 10116 | D:10     | Killed a gargoyle
 10400 | D:10     | Found a staircase to the Orcish Mines.
 10452 | D:10     | Reached ***** piety under Trog
 10629 | D:10     | Noticed a white ugly thing
 10630 | D:10     | Noticed a two-headed ogre
 10632 | D:10     | HP: 2/107 [white ugly thing (6)]
 10632 | D:10     | Annihilated by a white ugly thing

Illustrated notes

Levels and vault maps discovered:
D:1:      roderic_crossed_star, layout_rooms, minmay_cut_off
D:2:      layout_basic, minmay_between
D:3:      layout_basic, makhleb_altar_promises_db, st_stairs_13,
          nicolae_half_adder, uniq_terence, uniq_robin
D:4:      layout_loops_cross, kennysheep_mini_moat,
          minmay_temple_entry_gardened_gates, solitary_fountain, fountainhead,
          uniq_natasha, uniq_duvessa
D:5:      layout_loops_corners, mainiacjoe_overflow_small_starburst
D:7:      layout_basic, mainiacjoe_overflow_cross_hatched,
          nicolae_ossuary_entry_false_entrances
D:8:      cheibrodos_helix_gallery, layout_rooms
D:9:      layout_roguey, serial_co_window_serial, co_window_corner_a,
          co_window_paths_b, co_window_paths_a, co_window_corner_a,
          co_window_paths_a, co_window_broadway_c, co_window_broadway_a,
          co_window_cross_4, co_window_corner_b, co_window_cross_3,
          co_window_broadway_b, co_window_4corner_a, glass_columns_b,
          glass_columns_c, glass_columns_b, kennysheep_just_a_vault
D:10:     minmay_the_grid_octo_tiled_octocenter
          [minmay_the_grid_octo_concentric, minmay_the_grid_octo_teeth,
          minmay_the_grid_octo_focus, minmay_the_grid_octo_tetromino_candy,
          minmay_the_grid_octo_prize_big_c, minmay_the_grid_square_5x5_moneybag,
          minmay_the_grid_square_5x5_dogpile,
          minmay_the_grid_square_5x5_doubleslash,
          minmay_the_grid_square_5x5_hollow_slash], layout_irregular_city,
          serial_column_ruins, column_ruins_columns_T,
          column_ruins_columns_corner, column_ruins_columns_dead_end,
          column_ruins_grid_2, column_ruins_columns_corner,
          column_ruins_columns_straight, column_ruins_open_small

Skill      XL: |  1  2  3  4  5  6  7  8  9 10 |
---------------+-------------------------------+-----
Armour         | 1 2 3 5 6 7 |  7.7
Evocations     | 1 2 3 4 6 7 |  7.1
Maces & Flails | 4 5 6 8 9 |  9.3
Fighting       | 5 6 8 9 |  9.1
Dodging        | |  2.6

Action                     |  1- 3 |  4- 6 |  7- 9 | 10-12 || total
---------------------------+-------+-------+-------+-------++-------
  Melee: Mace              |    83 |    81 |       |       ||   164
         Headbutt          |     8 |    17 |    72 |    34 ||   131
         Punch             |     1 |     1 |     5 |       ||     7
         Club              |       |    31 |   158 |       ||   189
         Flail             |       |     8 |   156 |   123 ||   287
 Invoke: Berserk           |     1 |     1 |       |       ||     2
  Evoke: Wand              |       |       |       |     1 ||     1
    Use: Scroll            |     5 |     1 |    14 |     1 ||    21
         Potion            |       |     2 |     1 |     3 ||     6
   Stab: Sleeping          |       |       |     1 |       ||     1
 Armour: Animal skin       |    61 |    75 |    17 |       ||   153
         Robe              |       |       |   173 |   111 ||   284
  Dodge: Dodged            |    40 |    92 |   220 |   106 ||   458
